 Dungeon Crawl Stone Soup version 0.30-a0-137-gd8773701ce (webtiles) character file.

Game seed: 8007542115791576501

29913 LnG the Unseen (level 13, 0/153 HPs)
             Began as a Kobold Summoner on Sept 23, 2022.
             Was a Priest of Yredelemnul.
             Engulfed by their own flame (2 damage)
             ... on level 14 of the Dungeon.
             The game lasted 01:33:39 (16981 turns).

LnG the Unseen (Kobold Summoner)                   Turns: 16981, Time: 01:33:39

Health: 0/153      AC: 26    Str: 13    XL:     13   Next: 84%
Magic:  20/27      EV:  3    Int: 20    God:    Yredelemnul [***...]
Gold:   826        SH:  5    Dex: 17    Spells: 19/32 levels left

rFire   + + .      SeeInvis .    s - +5 dagger (venom)
rCold   . . .      Faith    .    (no shield)
rNeg    + . .      Spirit   .    (body armour currently unavailable)
rPois   +          Reflect  +    (helmet currently unavailable)
rElec   .          Harm     .    (cloak currently unavailable)
rCorr   .          Rampage  .    (gloves currently unavailable)
Will    .....      NoTele   +    (boots currently unavailable)
Stlth   ..........               m - amulet of reflection
HPRegen 0.35/turn                C - ring "Pudif" {rF++ rN+ Str+8 Slay-3}
MPRegen 0.20/turn                g - +4 ring of slaying

@: berserking (expiring), tree-form, very quick
A: stationary, stasis, torment immunity, boosted hp, small, no large weapons,
nightstalker 3
a: Renounce Religion, Recall Undead Harvest, Dark Bargain


You were on level 14 of the Dungeon.
You worshipped Yredelemnul.
Yredelemnul was noncommittal.
You were a tree.
You visited 2 branches of the dungeon, and saw 15 of its levels.

You collected 916 gold pieces.
You spent 90 gold pieces at shops.

Inventory:

Hand Weapons
 o - the +10 hand axe of Cuedwummaj {vorpal, Str+4 Dex+2}
   (You found it on level 3 of the Dungeon)

   It inflicts extra damage upon your enemies.
   Str:       It affects your strength (+4).
   Dex:       It affects your dexterity (+2).
 s - a +5 dagger of venom (weapon)
Armour
 h - a +2 pair of boots (melded)
 l - a +2 robe of willpower (melded)
 z - a +2 cloak (melded)
 D - a +2 helmet of intelligence (melded)
Jewellery
 g - a +4 ring of slaying (right branch)
 m - an amulet of reflection (around neck)
 v - a ring of positive energy
 C - the ring "Pudif" (left branch) {rF++ rN+ Str+8 Slay-3}
   (You found it on level 7 of the Dungeon)

   [ring of positive energy]

   Str:       It affects your strength (+8).
   Slay:      It affects your accuracy & damage with ranged weapons and melee
   (-3).
   rF:        It greatly protects you from fire.
   rN:        It protects you from negative energy.
 H - an amulet of the acrobat
 J - a ring of flight
 K - a ring of willpower
Wands
 c - a wand of roots (17)
 t - a wand of mindburst (4)
 w - a wand of digging (3)
 B - a wand of polymorph (7)
 E - a wand of charming (12)
 M - a wand of flame (5)
Scrolls
 d - 2 scrolls of fog
 e - 2 scrolls of vulnerability
 i - 10 scrolls of teleportation
 j - 4 scrolls of amnesia
 r - 3 scrolls of poison
 x - a scroll of noise
 y - a scroll of magic mapping
 A - a scroll of immolation {unknown}
Potions
 a - 2 potions of attraction {unknown}
 b - a potion of magic
 k - 2 potions of haste
 n - 5 potions of flight
 q - 4 potions of might
 u - 5 potions of brilliance


   Skills:
 + Level 3.2 Fighting
 + Level 6.8 Short Blades
 + Level 7.2 Dodging
 * Level 17.7 Stealth
 + Level 2.5 Shields
 + Level 10.3 Spellcasting
 + Level 3.8 Hexes
 * Level 12.8 Summonings
 + Level 3.0 Air Magic
 + Level 0.2 Invocations


You had 19 spell levels left.
You knew the following spells:

 Your Spells              Type           Power      Damage    Failure   Level
a - Summon Small Mammal   Summ           100%       N/A       1%          1
b - Call Imp              Summ           57%        N/A       1%          2
c - Call Canine Familiar  Summ           57%        N/A       1%          3
d - Summon Guardian Gole  Hex/Summ       43%        N/A       1%          3
e - Summon Lightning Spi  Summ/Air       42%        N/A       2%          4

Your spell library contained the following spells:

 Spells                   Type           Power      Damage    Failure   Level
 Static Discharge         Conj/Air       32%        2-4/arc   5%          2
 Apportation              Tloc           20%        N/A       7%          1
 Beastly Appendage        Tmut           20%        N/A       7%          1
 Foxfire                  Conj/Fire      40%        2x1d6     7%          1
 Magic Dart               Conj           40%        1d5       7%          1
 Necrotise                Necr           40%        1d6       7%          1
 Inner Flame              Hex/Fire       18%        N/A       9%          3
 Searing Ray              Conj           20%        2d5       10%         2
 Kindle Blastsparks       Fire/Tloc/Air  28%        2d12      13%         3
 Mephitic Cloud           Conj/Pois/Air  14%        N/A       13%         3
 Ozocubu's Armour         Ice            10%        N/A       21%         3
 Fulminant Prism          Conj/Hex       9%         3d7       30%         4
 Dispel Undead            Necr           10%        3d9       54%         4
 Flame Wave               Conj/Fire      10%        2d6       54%         4
 Iskenderun's Mystic Bla  Conj/Tloc      10%        2d4       54%         4
 Sticky Flame             Conj/Fire      10%        2d3       54%         4
 Metabolic Englaciation   Hex/Ice        9%         N/A       63%         5
 Lee's Rapid Deconstruct  Erth           5%         3d7*      88%         5
 Simulacrum               Ice/Necr       Unusable   N/A       N/A         6

Dungeon Overview and Level Annotations

Branches:
Dungeon (14/15)            Temple (1/1) D:6            Lair (0/5) D:10
    Orc (0/2) D:10
 Vaults: D:13-14

Altars:
Ashenzari
Cheibriados
Dithmenos
Elyvilon
Fedhas
Gozag
Hepliaklqana
Kikubaaqudgha
Makhleb
Nemelex Xobeh
Okawaru
Qazlal
Ru
Sif Muna
Trog
Uskayaw
Vehumet
Wu Jian
Xom
Yredelemnul
Zin
The Shining One

Shops:
D:3 *   D:8 =

Annotations:
D:9 1 runed translucent door, Tollund's ghost, journeyman MeEE
D:10 2 transporters, Dordric's ghost, journeyman KoWr
D:14 2 transporters, exclusion: 2 orange crystal statues


Innate Abilities, Weirdness & Mutations

You are a tree.
Your roots penetrate the ground, keeping you stationary.
You cannot be teleported.
You are immune to unholy pain and torment.
Your maximum health is greatly increased.
Your equipment is partially melded.
You are small and have problems with some larger weapons.
You are completely attuned to the shadows.


Message History

Your wolf dies!
Your wolf's corpse disappears in a puff of smoke!
The grasping roots constrict your orc warrior zombie!
Your orc warrior zombie hits Jorgrun.
Your guardian golem overheats!
Your wizard zombie hits Jorgrun but does no damage.
Jorgrun says to your wizard zombie, "May tha earth consume ye!"
Jorgrun hits your wizard zombie with a +0 vorpal quarterstaff!
Flame seeps out of your guardian golem.
The grasping roots constrict your orc warrior zombie!
Flame seeps out of your guardian golem.
Louise barely misses Jorgrun.
Your orc warrior zombie hits Jorgrun.
Your guardian golem is engulfed in blazing flames.
Flame seeps out of your guardian golem.
Your wizard zombie hits Jorgrun.
Jorgrun hits your wizard zombie with a +0 vorpal quarterstaff!!
Your guardian golem disappears in a puff of smoke!
Your guardian golem explodes!
The fiery explosion engulfs you. You resist.
* * * LOW HITPOINT WARNING * * *
The fiery explosion engulfs Jorgrun!!
Jorgrun dies!
You are engulfed in blazing flames.
You resist.
* * * LOW HITPOINT WARNING * * *
Louise is engulfed in blazing flames.
Louise is destroyed!
You can no longer bind living souls.
You are engulfed in blazing flames.
You resist.
* * * LOW HITPOINT WARNING * * *
You turn to wood and can move again.
A red film seems to cover your vision as you go berserk!
You feel yourself moving faster!
You feel mighty!
You are engulfed in blazing flames.
You resist.
Your vault guard zombie is engulfed in blazing flames.
You feel a strong urge to attack something.
You are engulfed in blazing flames.
You resist.
* * * LOW HITPOINT WARNING * * *
Your deep elf archer zombie is engulfed in blazing flames.
You are engulfed in blazing flames.
You resist.
You die...
Your body rises from the dead as a mindless zombie.

.8##.Z..........+....+....# #.
##..#.##'#######..#....## .~
.##...##..##########....#
.#.#............#...'...(#
..#©#©..[........#...#....##
.~#.#...)........'...#.....##
...$##.).......§Z.#...#......##
#..##ZZ#.##..###Z#.#.##....#..###
.8##..##.######.♣Z..............#
##............#.Z..............#
##.............'8...............'
#..####..##...##................#
..## ..##..<#....####....##'###
Z..# #...#....#..#....#..... '..#
+...#....#..#....#..... #..#
#...#....'..#....'..... #..#
#####.)..####....#.....


You could see a friendly lightning spire (summoned), a friendly orc warrior
zombie, a friendly wizard zombie, a friendly vault guard zombie and a friendly
deep elf archer zombie.

Vanquished Creatures
  Josephine (D:11)
  A vault guard (D:14)
  A catoblepas (D:12)
  A centaur warrior (D:14)
  2 boulder beetles
  2 two-headed ogres
  2 tengu warriors
  A deep elf pyromancer (D:14)
  A wizard (D:14)
  Pikel (D:7)
  5 ugly things
  4 cyclopes
  Maurice (D:13)
  An efreet (D:13)
  A tengu conjurer (D:14)
  A troll (D:10)
  4 wraiths
  A wyvern (D:9)
  2 vampire mosquitoes (D:14)
  2 water moccasins (D:5)
  An orc warrior (D:10)
  2 sky beasts
  4 black bears
  An ice beast (D:8)
  3 ogres
  9 centaurs
  3 bullfrogs
  3 kobold brigands
  A gnoll sergeant (D:9)
  A necrophage (D:5)
  A scorpion (D:4)
  10 wights
  4 hounds
  3 orc priests
  4 iguanas (D:7)
  8 orc wizards
  7 adders
  7 gnolls
  4 ufetubi
  A dart slug (D:1)
  20 orcs
  5 bats
  4 endoplasms
  3 giant cockroaches
  4 goblins
  3 hobgoblins
  2 jackals (D:1)
  3 quokkas
  4 ball pythons
  4 frilled lizards
  6 kobolds
  4 rats
174 creatures vanquished.

Vanquished Creatures (collateral kills)
  Louise (D:14)
  A vault guard (D:14)
  2 hydras
  A two-headed ogre (D:8)
  The ghost of Newt the Chopper, a novice DsGl of Qazlal (D:8)
  2 deep elf pyromancers
  A deep elf archer (D:14)
  An ugly thing (D:14)
  A cyclops (D:10)
  The ghost of Jeffwins the Gusty, a novice HuWn of Gozag (D:4)
  An efreet (D:14)
  A tengu conjurer (D:14)
  A komodo dragon (shapeshifter) (D:14)
  A troll (D:10)
  2 hornets
  Sigmund (D:6)
  A wraith (D:9)
  A vampire mosquito (D:8)
  Menkaure (D:6)
  6 orc warriors
  A black bear (D:3)
  3 ogres (D:10)
  2 centaurs
  A kobold brigand (D:10)
  A bullfrog (D:8)
  2 gnoll sergeants (D:10)
  A necrophage (D:6)
  A nameless horror (D:11)
  3 gnoll boudas
  5 orc priests
  A hound (D:7)
  Crazy Yiuf (D:6)
  5 orc wizards
  11 gnolls
  A white imp (D:8)
  3 orc zombies
  2 worms (D:2)
  A dart slug (D:6)
  21 orcs
  An endoplasm (D:2)
  A giant cockroach (D:2)
  4 hobgoblins
  3 kobolds
  2 ball pythons
  A bat (D:2)
  3 goblins (D:1)
  A rat (D:1)
110 creatures vanquished.

Vanquished Creatures (others)
  Jorgrun (D:14)
  Erica (D:10)
  A centaur warrior (D:14)
  A two-headed ogre (D:11)
  An ugly thing zombie (D:14)
  An ugly thing (D:14)
  A human zombie (D:14)
  A spectral efreet (D:14)
  3 elf zombies
  An ogre (D:10)
  A troll zombie (D:10)
  A tengu zombie (D:14)
  4 centaur zombies
  An orc wizard (D:7)
  A sky beast zombie (D:8)
  An ogre zombie (D:10)
  6 gnoll zombies
  11 orc zombies
  A spectral white imp (D:8)
  A spectral ufetubus (D:7)
40 creatures vanquished.

Grand Total: 324 creatures vanquished

Notes
Turn   | Place    | Note
-------+----------+-------------------------------------------
     0 | D:1      | LnG the Kobold Summoner began the quest for the Orb.
     0 | D:1      | Reached XP level 1. HP: 10/10 MP: 3/3
   177 | D:1      | Reached XP level 2. HP: 15/15 MP: 5/5
   184 | D:1      | Learned a level 2 spell: Call Imp
   433 | D:1      | Reached skill level 3 in Stealth
   548 | D:1      | Reached XP level 3. HP: 10/19 MP: 1/6
  1074 | D:2      | Reached skill level 4 in Stealth
  1118 | D:2      | Learned a level 3 spell: Call Canine Familiar
  1270 | D:2      | Reached XP level 4. HP: 21/24 MP: 3/7
  1415 | D:2      | Found a faded altar of an unknown god.
  1878 | D:3      | Reached skill level 5 in Stealth
  1882 | D:3      | Reached XP level 5. HP: 12/28 MP: 3/8
  2283 | D:3      | Found Ockuvveo's Assorted Antiques.
  2461 | D:3      | Identified the +5 whip "Leemp" {venom, rElec rC+ Will-}
  2732 | D:3      | Identified the +10 hand axe of Cuedwummaj {vorpal, Str+4
                  | Dex+2}
  2905 | D:3      | Noticed a black bear
  2915 | D:3      | Killed a black bear
  2916 | D:3      | Reached skill level 1 in Short Blades
  2916 | D:3      | Reached skill level 6 in Stealth
  2916 | D:3      | Reached skill level 5 in Summonings
  2916 | D:3      | Reached XP level 6. HP: 25/33 MP: 5/10
  3253 | D:3      | Found a glowing golden altar of the Shining One.
  3413 | D:3      | Learned a level 3 spell: Summon Guardian Golem
  3616 | D:4      | Noticed an ogre
  3621 | D:4      | Killed an ogre
  3626 | D:4      | Reached skill level 7 in Stealth
  3626 | D:4      | Reached XP level 7. HP: 37/37 MP: 11/11
  3647 | D:4      | You fall into a shaft and drop 2 floors!
  3700 | D:6      | Noticed Menkaure
  3708 | D:5      | Entered Level 5 of the Dungeon
  3982 | D:5      | Noticed a water moccasin
  4043 | D:4      | Found a runed translucent door.
  4268 | D:4      | Found an ancient bone altar of Kikubaaqudgha.
  4388 | D:4      | Reached skill level 8 in Stealth
  4519 | D:4      | Noticed Jeffwins's ghost (novice HuWn)
  4544 | D:4      | Killed Jeffwins's ghost
  4545 | D:4      | Reached skill level 1 in Fighting
  4545 | D:4      | Reached skill level 9 in Stealth
  4545 | D:4      | Reached XP level 8. HP: 14/43 MP: 5/13
  4843 | D:5      | Reached skill level 10 in Stealth
  5206 | D:5      | Reached skill level 11 in Stealth
  5403 | D:6      | Found an opulent altar of Gozag.
  5496 | D:6      | Found a staircase to the Ecumenical Temple.
  5499 | D:6      | Reached XP level 9. HP: 47/47 MP: 15/15
  5504 | Temple   | Entered the Ecumenical Temple
  5680 | Temple   | Became a worshipper of Yredelemnul the Dark
  5771 | D:6      | Reached * piety under Yredelemnul
  5914 | D:6      | Reached ** piety under Yredelemnul
  6125 | D:6      | Noticed Sigmund
  6152 | D:6      | Killed Sigmund
  6153 | D:6      | Reached skill level 12 in Stealth
  6293 | D:6      | Found a runed translucent door.
  6296 | D:6      | Noticed Crazy Yiuf
  6304 | D:6      | Killed Crazy Yiuf
  6488 | D:6      | Learned a level 4 spell: Summon Lightning Spire
  6497 | D:6      | Found a snail-covered altar of Cheibriados.
  6540 | D:6      | Killed Menkaure
  7149 | D:7      | Found a radiant altar of Vehumet.
  7212 | D:7      | Noticed Pikel
  7226 | D:7      | Killed Pikel
  7227 | D:7      | Reached skill level 5 in Spellcasting
  7227 | D:7      | Reached XP level 10. HP: 37/53 MP: 8/17
  7507 | D:7      | Reached skill level 13 in Stealth
  7515 | D:7      | Reached skill level 1 in Shields
  7726 | D:7      | Identified the ring "Pudif" {rF++ rN+ Str+8 Slay-3}
  7986 | D:8      | Reached skill level 1 in Hexes
  8195 | D:8      | Found a runed translucent gate.
  8196 | D:8      | Found a runed translucent gate.
  8197 | D:8      | Found an opulent altar of Gozag.
  8197 | D:8      | Found a runed translucent gate.
  8403 | D:8      | Found a broken altar of Ashenzari.
  8421 | D:8      | Reached skill level 5 in Dodging
  8438 | D:8      | Found Mojuocwo's Jewellery Emporium.
  8440 | D:8      | Identified a scroll of acquirement
  8441 | D:8      | Acquired a +2 helmet of intelligence
  8600 | D:8      | Reached skill level 14 in Stealth
  8621 | D:8      | Paralysed by a hornet for 3 turns
  8757 | D:8      | Reached *** piety under Yredelemnul
  8939 | D:8      | Noticed a two-headed ogre
  8951 | D:8      | Killed a two-headed ogre
  9161 | D:8      | Noticed a deep elf pyromancer
  9162 | D:8      | Noticed Newt's ghost (novice DsGl)
  9176 | D:8      | Killed a deep elf pyromancer
  9196 | D:8      | Killed Newt's ghost
  9197 | D:8      | Reached XP level 11. HP: 34/57 MP: 1/21
  9381 | D:9      | Reached skill level 5 in Short Blades
  9645 | D:9      | Found Zin's Purification Station.
  9647 | D:9      | Found a glowing silver altar of Zin.
  9650 | D:9      | Bought a potion of curing for 90 gold pieces
  9679 | D:9      | Found a runed translucent door.
  9679 | D:9      | Found a shimmering altar of Xom.
  9679 | D:9      | Noticed Tollund's ghost (journeyman MeEE)
  9680 | D:9      | Noticed a +2 scimitar of chaos
  9796 | D:9      | Found a bloodstained altar of Trog.
 10160 | D:9      | Found an ornate altar of the Wu Jian Council.
 10257 | D:10     | Entered Level 10 of the Dungeon
 10262 | D:10     | Noticed an ogre mage
 10532 | D:10     | Identified the +4 sling of Prudence {freeze, Int+4}
 10621 | D:10     | Found a staircase to the Lair.
 10647 | D:10     | Noticed a cyclops
 10657 | D:10     | Killed a cyclops
 10658 | D:10     | Reached skill level 15 in Stealth
 10794 | D:10     | Found a staircase to the Orcish Mines.
 10891 | D:10     | Reached skill level 1 in Air Magic
 11183 | D:10     | Noticed Erica
 11199 | D:10     | HP: 2/57 [Erica/bolt of poison (19)]
 11200 | D:10     | Killed Erica
 11505 | D:10     | Found a burning altar of Makhleb.
 11531 | D:10     | Found a transporter.
 11542 | D:10     | Found a transporter.
 11542 | D:10     | Noticed Dordric's ghost (journeyman KoWr)
 11548 | D:10     | Reached skill level 10 in Summonings
 11679 | D:10     | Noticed a two-headed ogre
 11682 | D:10     | Killed a two-headed ogre
 11993 | D:11     | Noticed a two-headed ogre
 12018 | D:11     | Killed a two-headed ogre
 12019 | D:11     | Reached XP level 12. HP: 63/63 MP: 2/24
 12513 | D:11     | Noticed Josephine
 12523 | D:11     | Killed Josephine
 12891 | D:11     | Noticed a boulder beetle
 12911 | D:11     | Killed a boulder beetle
 13857 | D:12     | Found the +5 robe of Misfortune {Harm *Corrode *Slow EV+5}
 13996 | D:12     | Noticed a boulder beetle
 14000 | D:12     | Killed a boulder beetle
 14001 | D:12     | Reached skill level 16 in Stealth
 14040 | D:12     | Noticed a catoblepas
 14044 | D:12     | Killed a catoblepas
 14441 | D:12     | Noticed a two-headed ogre
 14445 | D:12     | Killed a two-headed ogre
 14566 | D:13     | Got the Omnibus of the Amorphous Nimbus
 14582 | D:13     | Noticed a tengu warrior
 14600 | D:13     | Killed a tengu warrior
 14933 | D:13     | Noticed an eight-headed hydra
 15137 | D:13     | Noticed Maurice
 15141 | D:13     | Killed Maurice
 15340 | D:13     | Killed an eight-headed hydra
 15541 | D:14     | Noticed a six-headed hydra
 15556 | D:14     | Killed a six-headed hydra
 15557 | D:14     | Reached skill level 17 in Stealth
 15557 | D:14     | Reached XP level 13. HP: 61/68 MP: 6/26
 15591 | D:14     | Reached **** piety under Yredelemnul
 15945 | D:14     | Noticed a vault guard
 16071 | D:14     | Reached ***** piety under Yredelemnul
 16211 | D:14     | Noticed a centaur warrior
 16215 | D:14     | Killed a centaur warrior
 16307 | D:14     | Found a transporter.
 16308 | D:14     | Found a transporter.
 16314 | D:14     | Noticed a centaur warrior
 16325 | D:14     | Killed a centaur warrior
 16334 | D:14     | Noticed Louise
 16359 | D:14     | Killed Louise
 16568 | D:14     | Noticed a vault guard
 16616 | D:14     | Noticed a rakshasa
 16660 | D:14     | Reached skill level 10 in Spellcasting
 16660 | D:14     | Noticed a vault guard
 16681 | D:14     | Killed a vault guard
 16683 | D:14     | Killed a vault guard
 16919 | D:14     | Noticed Jorgrun
 16976 | D:14     | Killed Jorgrun
 16977 | D:14     | HP: 4/102 [themself] (3)]
 16977 | D:14     | Your ally Louise died
 16980 | D:14     | HP: 1/153 [themself] (5)]
 16981 | D:14     | Engulfed by their own flame

Illustrated notes

Levels and vault maps discovered:
D:1:      mainiacjoe_arrival_reflecting_pool, layout_rooms
D:2:      layout_basic, shapermc_ecumenical_altar_pompeii, grunt_decor_clamped,
          minmay_split_cup_small
D:3:      layout_basic, tso_altar, serial_shops, shop, grunt_ministairs_2
D:4:      layout_basic, marbit_many_paths, ebering_ghost_reflecting_pool
D:5:      layout_basic
D:6:      layout_loops_cross, kennysheep_slug_shrine, grunt_gozag_breadcrumbs,
          minmay_temple_entry_grid, uniq_crazy_yiuf_cottage, uniq_menkaure,
          uniq_sigmund
D:7:      layout_loops_ring, vehumet_crystals, uniq_pikel
D:8:      layout_gridville, ashenzari_conservatory_becter, serial_shops,
          nicolae_shop_waterfront, ebering_ghost_gozag, grunt_ministairs_2,
          minmay_chambers_of_fives
D:9:      layout_basic, zin_purify, mainiacjoe_overflow_alcove_2,
          mainiacjoe_overflow_24_doors, ebering_ghost_xom
D:10:     layout_basic, kennysheep_mini_moat, lair_entry_dummy,
          kennysheep_orc_monster_closet_entryway, gammafunk_ghost_arena,
          uniq_erica
D:11:     layout_basic, uniq_josephine
D:12:     layout_basic, gauntlet_entry_generic
D:13:     layout_basic, uniq_maurice
D:14:     layout_gridville, grunt_vaults_entry_fortified, nzn_ghost_randoct,
          reono_crystal_passage, uniq_louise, uniq_lodul, uniq_jorgrun
Temple:   hellmonk_temple_forest_ring

Skill      XL: |  1  2  3  4  5  6  7  8  9 10 11 12 13 |
---------------+----------------------------------------+-----
Stealth        | 3 4 5 6 7 9 11 12 14 15 17 | 17.7
Short Blades   | 1 2 3 4 5 6 |  6.8
Dodging        | 3 4 5 6 7 |  7.2
Spellcasting   | 3 4 5 6 8 9 10 | 10.3
Summonings     | 5 6 7 8 10 11 12 | 12.8
Fighting       | 1 2 3 |  3.2
Shields        | 1 2 |  2.5
Hexes          | 2 3 |  3.8
Air Magic      | 2 3 |  3.0
Invocations    | |  0.2

Action                   |  1- 3 |  4- 6 |  7- 9 | 10-12 | 13-15 || total
-------------------------+-------+-------+-------+-------+-------++-------
Melee: Dagger            |    80 |    88 |   122 |   300 |    61 ||   651
       Punch             |       |       |     1 |     1 |     1 ||     3
 Cast: Summon Small Mamm |     9 |       |     1 |     1 |       ||    11
       Call Imp          |     3 |     1 |     3 |     4 |     1 ||    12
       Call Canine Famil |     1 |     7 |    17 |    41 |    15 ||    81
       Summon Guardian G |       |       |     6 |    42 |    14 ||    62
       Summon Lightning  |       |       |       |    14 |     7 ||    21
Invok: Recall Undead Har |       |       |       |     1 |     2 ||     3
Evoke: Wand              |       |       |     1 |       |     1 ||     2
  Use: Scroll            |       |     9 |     9 |    11 |     5 ||    34
       Potion            |       |       |       |     8 |     8 ||    16
 Stab: Sleeping          |    16 |    14 |    29 |    40 |     3 ||   102
       Distracted        |     1 |     1 |       |     7 |     2 ||    11
Armor: Robe              |    17 |    19 |    25 |    79 |    15 ||   155
       Skin              |       |       |       |    26 |    25 ||    51
Dodge: Dodged            |    55 |    56 |    59 |   191 |    29 ||   390
Block: Other             |       |       |    20 |    66 |    14 ||   100
       Reflection        |       |       |       |     1 |     1 ||     2

Table legend: (Time is in decaauts)
 A = Elapsed time spent in this place.
 B = Non-inter-level travel time spent in this place.
 C = Inter-level travel time spent in this place.
 D = Time resting spent in this place.
 E = Time spent auto-exploring this place.
 F = Levels seen in this place.
 G = Mean time per level.
                   A        B        C        D        E       F      G
               +--------+--------+--------+--------+--------+-----+--------+
         Total |  16895 |  16331 |    564 |   4706 |   8883 |  15 | 1126.3 |
       Dungeon |  16691 |  16177 |    514 |   4706 |   8741 |  14 | 1192.2 |
        Temple |    204 |    154 |     50 |      0 |    142 |   1 |  204.0 |
               +--------+--------+--------+--------+--------+-----+--------+

Top non-repeatable levels by time:
    D:10: 1878 daAuts
     D:3: 1613 daAuts
    D:14: 1499 daAuts
     D:8: 1422 daAuts
    D:11: 1340 daAuts
     D:6: 1339 daAuts
    D:12: 1153 daAuts
     D:7: 1063 daAuts
     D:4: 956 daAuts
     D:9: 952 daAuts
     D:2: 928 daAuts
     D:5: 908 daAuts
     D:1: 906 daAuts
    D:13: 727 daAuts
  Temple: 204 daAuts
